 Dungeon Crawl Stone Soup version 0.31-a0-222-gefeffbb62a (webtiles) character file.

Game seed: 9969373806737225677

296 qw the Shooter (level 6, -1/52 HPs)
             Began as a Minotaur Hexslinger on July 4, 2023.
             Was an Initiate of Okawaru.
             Slain by a wyvern (16 damage)
             ... on level 4 of the Dungeon.
             The game lasted 00:00:56 (2923 turns).

qw the Shooter (Minotaur Hexslinger)                Turns: 2923, Time: 00:00:57

Health: -1/52      AC:  7    Str: 13    XL:     6   Next: 12%
Magic:  6/6        EV: 11    Int: 10    God:    Okawaru [......]
Gold:   211        SH:  5    Dex: 14    Spells: 6/7 levels left

rFire   . . .        Y - +1 sling
rCold   . . .        (no shield)
rNeg    . . .        i - +0 ring mail
rPois   .            (helmet restricted)
rElec   .            (no cloak)
rCorr   .            b - +0 pair of gloves
SInv    .            e - +0 pair of boots
Will    .....        c - amulet of reflection
Stlth   +            (no ring)
HPRegen 0.28/turn    (no ring)
MPRegen 0.10/turn

%: reflection
@: no status effects
A: horns 2, retaliatory headbutt
a: Renounce Religion


You were on level 4 of the Dungeon.
You worshipped Okawaru.
Okawaru was noncommittal.
You visited 2 branches of the dungeon, and saw 5 of its levels.

You collected 211 gold pieces.


Innate Abilities, Weirdness & Mutations

You have a pair of horns on your head.
You reflexively headbutt those who attack you in melee.


   Skills:
 - Level 4.0 Fighting
 + Level 6.0 Ranged Weapons
 - Level 1.0 Armour
 - Level 2.1 Dodging
 - Level 1.0 Spellcasting
 - Level 2.0 Hexes


You had 6 spell levels left.
You knew the following spells:

 Your Spells              Type           Power      Damage    Failure   Level
a - Slow                  Hex            16%        N/A       32%         1

Your spell library contained the following spells:

 Spells                   Type           Power      Damage    Failure   Level
 Inner Flame              Hex/Fire       2%         N/A       82%         3
 Portal Projectile        Hex/Tloc       4%         N/A       82%         3
 Cause Fear               Hex            2%         N/A       97%         4

Inventory:

Hand Weapons
 Y - a +1 sling (weapon)
Armour
 b - a +0 pair of gloves (worn)
 e - a +0 pair of boots (worn)
 i - a +0 ring mail (worn)
Jewellery
 c - an amulet of reflection (around neck)
Scrolls
 a - a scroll of identify
Potions
 d - 2 potions of enlightenment
 g - a potion of curing
 h - a potion of resistance
 j - a potion of magic {unknown}
 k - a potion of invisibility {unknown}

Dungeon Overview and Level Annotations

Branches:
Dungeon (4/15)             Temple (1/1) D:4

Altars:
Cheibriados
Dithmenos
Elyvilon
Fedhas
Hepliaklqana
Kikubaaqudgha
Okawaru
Qazlal
Ru
Trog
Wu Jian
Zin


Message History

Enter note:
Enter note:
Enter note:
Enter note: You shoot a sling bullet.
The orc shouts!
The sling bullet hits the wyvern.
The wyvern is lightly wounded.
The wyvern bites you.
You shoot a sling bullet.
The sling bullet closely misses the wyvern.
The wyvern closely misses you. The orc hits you but does no damage.
You shoot a sling bullet.
The sling bullet closely misses the wyvern.
The wyvern barely misses you.
The wyvern bites you but does no damage.
You shoot a sling bullet. The sling bullet hits the wyvern!
The wyvern is moderately wounded.
The wyvern bites you. The orc closely misses you. The wyvern bites you!
You shoot a sling bullet.
The sling bullet closely misses the wyvern.
The wyvern hisses menacingly.
The wyvern bites you but does no damage.
The orc hits you but does no damage. The orc closely misses you.
You furiously retaliate!
You headbutt the orc. The wyvern bites you.
You shoot a sling bullet. The sling bullet hits the orc.
The orc is almost dead.
The wyvern bites you! The orc hits you but does no damage.
You block the orc's attack. The wyvern closely misses you.
The orc closely misses you. You furiously retaliate!
You headbutt the orc.
You kill the orc!
Okawaru accepts your kill.
Your Fighting skill increases to level 4!
You shoot a sling bullet.
The sling bullet closely misses the wyvern.
The wyvern barely misses you. The endoplasm freezes you.
You are frozen.
The orc misses you. You furiously retaliate!
You headbutt the orc. The wyvern bites you!
You die...

# ## $. .7# ..
.. ..7.7.7#7
....?...#####.#
..<...lJooo...#
#@# #.# #.# #.#
#.# #.# # #.#
##. #.### ...#
#...#


You could see a wyvern, 3 orcs and an endoplasm.

Vanquished Creatures
  A black bear (D:4)
  A howler monkey (D:3)
  A sleepcap (D:4)
  An iguana (D:4)
  6 adders
  A worm (D:2)
  3 dart slugs
  An orc (D:4)
  3 bats (D:2)
  2 endoplasms
  A giant cockroach (D:2)
  5 goblins
  4 hobgoblins
  2 jackals (D:2)
  A quokka (D:2)
  8 ball pythons
  4 frilled lizards
  10 kobolds
  2 rats
57 creatures vanquished.

Notes
Turn   | Place    | Note
-------+----------+-------------------------------------------
     0 | D:1      | qw the Minotaur Hexslinger began the quest for the Orb.
     0 | D:1      | Reached XP level 1. HP: 16/16 MP: 1/1
     0 | D:1      | 0 ||| qw: Version: 0.3-a-46-gb1f654a
     0 | D:1      | 0 ||| qw: Game counter: 917
     0 | D:1      | 0 ||| qw: Melee chars always use a shield: true
     0 | D:1      | 0 ||| qw: God list: Okawaru
     0 | D:1      | 0 ||| qw: Allow faded altars: false
     0 | D:1      | 0 ||| qw: Do Orc after clearing Dungeon:15 true
     0 | D:1      | 0 ||| qw: Do second Lair branch before Depths: true
     0 | D:1      | 0 ||| qw: Lair rune preference: random
     0 | D:1      | 0 ||| qw: Goals: Normal
     0 | D:1      | 0 ||| PLANNING D:1-11
   349 | D:1      | Reached skill level 3 in Ranged Weapons
   367 | D:1      | Reached XP level 2. HP: 23/23 MP: 2/2
   588 | D:1      | 588 ||| UPGRADING to +0 ring mail.
   598 | D:1      | 598 ||| DROPPING +0 robe.
   599 | D:1      | 599 ||| READING scroll labelled HUADEN UBUITS.
   600 | D:1      | 600 ||| READING scroll labelled KAFFIU WIEPEFF.
   601 | D:1      | 601 ||| DRINKING 2 fizzy inky potions.
   638 | D:1      | 638 ||| DRINKING 2 coppery potions.
   639 | D:1      | 639 ||| DROPPING scroll of poison.
   640 | D:1      | 640 ||| DROPPING potion of lignification.
   804 | D:2      | Reached XP level 3. HP: 30/30 MP: 3/3
   912 | D:2      | Reached skill level 4 in Ranged Weapons
   922 | D:2      | Found a blossoming altar of Fedhas.
  1023 | D:2      | Reached skill level 1 in Armour
  1055 | D:2      | Reached XP level 4. HP: 37/37 MP: 4/4
  1294 | D:2      | 1294 ||| UPGRADING to +0 pair of gloves.
  1299 | D:2      | 1299 ||| DROPPING scarf of harm.
  1300 | D:2      | 1300 ||| UPGRADING to +0 pair of boots.
  1305 | D:2      | 1305 ||| READING scroll labelled SEWITE YVUISCH.
  1428 | D:3      | Identified the +7 dagger "Hixa" {pain, rF+ rN+ Str-5 Int+3}
  1625 | D:3      | Found an ancient bone altar of Kikubaaqudgha.
  1765 | D:3      | Found a bloodstained altar of Trog.
  1868 | D:3      | Reached skill level 5 in Ranged Weapons
  2274 | D:3      | 2274 ||| DROPPING ring of wizardry.
  2275 | D:3      | 2275 ||| DRINKING 2 bubbling green potions.
  2327 | D:4      | Reached skill level 3 in Fighting
  2327 | D:4      | Reached XP level 5. HP: 45/45 MP: 5/5
  2432 | D:4      | Noticed a black bear
  2445 | D:4      | Killed a black bear
  2446 | D:4      | Reached skill level 6 in Ranged Weapons
  2454 | D:4      | HP: 11/45 [poisoned by an adder]
  2607 | D:4      | Reached XP level 6. HP: 39/51 MP: 6/6
  2720 | D:4      | Found a staircase to the Ecumenical Temple.
  2721 | D:4      | 2721 ||| PLANNING TEMPLE
  2721 | D:4      | 2721 ||| UPGRADING to amulet of reflection.
  2726 | D:4      | 2726 ||| DRINKING 3 sapphire potions.
  2727 | D:4      | 2727 ||| READING 2 scrolls of identify.
  2727 | D:4      | 2727 ||| IDENTIFYING smoky white potion
  2728 | D:4      | 2728 ||| DROPPING potion of berserk rage.
  2737 | Temple   | Entered the Ecumenical Temple
  2738 | Temple   | 2738 ||| PLANNING OKAWARU WORSHIP
  2863 | Temple   | Became a worshipper of Warmaster Okawaru
  2864 | Temple   | 2864 ||| PLANNING D:1-11
  2916 | D:4      | Noticed a wyvern
  2923 | D:4      | Slain by a wyvern

Levels and vault maps discovered:
D:1:      mrwooster_arrival_statue, layout_basic
D:2:      layout_loops_ring, basic_altar
D:3:      layout_basic, mainiacjoe_overflow_brackets, trog_three_pillars_becter,
          skrybe_limestone_x
D:4:      layout_loops_ring, minmay_temple_entry_grid, serial_forest,
          infiniplex_forest_zigzag_1, infiniplex_forest_lined_corner,
          infiniplex_forest_lined_corner, infiniplex_forest_lined_corner,
          infiniplex_forest_lined_3, infiniplex_forest_straight_5,
          infiniplex_forest_clump_medium, infiniplex_forest_clump_small,
          chequers_serial_rivers_small_b
Temple:   compressed_dpeg_circular_temple

Skill      XL: |  1  2  3  4  5  6 |
---------------+-------------------+-----
Ranged Weapons | 3 4 5 6 |  6.0
Fighting       | 2 3 4 |  4.0
Armour         | 1 |  1.0
Dodging        | |  2.1
Spellcasting   | |  1.0
Hexes          | |  2.0

Action                     |  1- 3 |  4- 6 || total
---------------------------+-------+-------++-------
   Fire: Sling             |   105 |    95 ||   200
    Use: Scroll            |     2 |     2 ||     4
         Potion            |     2 |     2 ||     4
 Armour: Ring mail         |    26 |    48 ||    74
  Dodge: Dodged            |    36 |    55 ||    91
  Block: Other             |       |     1 ||     1

Table legend:
 A = Non-vault XP
 B = Vault XP
 C = Vault XP percentage of total XP
 D = Non-vault monster count
 E = Vault monster count
 F = Vault count percentage of total count
                 A         B        C        D         E       F
            +---------+---------+-------+---------+---------+-------
      Total |     424 |       0 |   0.0 |      57 |       0 |   0.0
            +---------+---------+-------+---------+---------+-------
        D:1 |      14 |       0 |   0.0 |      11 |       0 |   0.0
        D:2 |      90 |       0 |   0.0 |      29 |       0 |   0.0
        D:3 |      79 |       0 |   0.0 |       6 |       0 |   0.0
        D:4 |     241 |       0 |   0.0 |      11 |       0 |   0.0
            +---------+---------+-------+---------+---------+-------
